 Dungeon Crawl Stone Soup version 0.28.0 (webtiles) character file.

Game seed: 16965128843417338578

2 krispywithak the Skirmisher (level 1, 0/28 HPs)
             Began as a Draconian Berserker on Feb 4, 2022.
             Was a Follower of Trog.
             Constricted to death by a ball python (1 damage)
             ... on level 1 of the Dungeon.
             The game lasted 00:00:47 (152 turns).

krispywithak the Skirmisher (Draconian Berserker)    Turns: 152, Time: 00:00:47

Health: 0/28       AC:  4    Str: 19    XL:     1   Next: 25%
Magic:  1/1        EV:  9    Int:  7    God:    Trog [*.....]
Gold:   22         SH:  0    Dex: 10    Spells: 0/0 levels left

rFire   . . .      SeeInvis .   (no weapon)
rCold   . . .      Faith    .   (no shield)
rNeg    . . .      Spirit   .   (armour unavailable)
rPois   .          Reflect  .   (helmet restricted)
rElec   .          Harm     .   (no cloak)
rCorr   .          Rampage  .   (no gloves)
Will    .....                   (no boots)
Stlth   ..........              (no amulet)
HPRegen 0.09/turn               (no ring)
MPRegen 0.07/turn               (no ring)

@: berserking, constricted, very quick
A: AC +4, unfitting armour, cold-blooded
a: Renounce Religion, Berserk


You were on level 1 of the Dungeon.
You worshipped Trog.
Trog was aware of your devotion.
You visited 1 branch of the dungeon, and saw 1 of its levels.

You collected 22 gold pieces.

Inventory:

Scrolls
 a - a scroll of identify {unknown}


   Skills:
 + Level 3.2 Fighting
 + Level 3.0 Maces & Flails
 + Level 2.8 Dodging


You couldn't memorise any spells.
You didn't know any spells.
Your spell library was empty.

Dungeon Overview and Level Annotations

Branches:
Dungeon (1/15)

Altars:


Innate Abilities, Weirdness & Mutations

Your plain brown scales are hard. (AC +4)
You cannot fit into any form of body armour.
You are cold-blooded and may be slowed by cold attacks.


Message History

You now have 22 gold pieces (gained 14).
There is a stone staircase leading down here.
An endoplasm and a ball python come into view.
The endoplasm quivers.
A ball python comes into view.
You closely miss the ball python.
The ball python hisses angrily.
The ball python misses you. x2
You hit the ball python but do no damage.
The ball python bites you but does no damage.
The ball python grabs you. The ball python constricts you.
The endoplasm freezes you.
You are frozen.
You feel yourself slow down.
You hit the ball python.
The ball python is moderately wounded.
The ball python bites you but does no damage.
The ball python constricts you. The endoplasm hits you.
The ball python closely misses you. The ball python constricts you.
You closely miss the ball python.
The ball python is moderately wounded.
You feel yourself speed up. The ball python bites you.
The ball python constricts you. The endoplasm freezes you.
You are frozen.
* * * LOW HITPOINT WARNING * * *
The ball python bites you.
* * * LOW HITPOINT WARNING * * *
The ball python constricts you. The endoplasm hits you.
* * * LOW HITPOINT WARNING * * *
Unknown command.
A red film seems to cover your vision as you go berserk!
You feel yourself moving faster!
You feel mighty! The ball python loses its grip on you.
The endoplasm freezes you.
You are frozen.
* * * LOW HITPOINT WARNING * * *
You feel a strong urge to attack something.
The ball python bites you but does no damage.
The ball python grabs you. The ball python constricts you.
You die...

#### .....
.....########
............#
............#
.......JS...##
..^...S@.....#
############>#
#.....# #.#
#.###.# #.#
#.# #)####.#
#.# #......#
#.# ########
#.# #.#


You could see an endoplasm and 2 ball pythons.

Vanquished Creatures
  A bat (D:1)
  A kobold (D:1)
2 creatures vanquished.

Notes
Turn   | Place    | Note
-------+----------+-------------------------------------------
     0 | D:1      | krispywithak the Draconian Berserker began the quest for
                  | the Orb.
     0 | D:1      | Reached XP level 1. HP: 19/19 MP: 1/1
   151 | D:1      | HP: 1/28 [frozen (2)]
   152 | D:1      | Constricted to death by a ball python

Illustrated notes

Levels and vault maps discovered:
D:1:      dpeg_arrival_rooms_a, layout_basic,
          hellmonk_ecumenical_altar_prayer_group

Action                   || total
-------------------------++-------
Melee: Unarmed           ||    22
       Tailslap          ||     2
Invok: Berserk           ||     1
Armor: Skin              ||    15
Dodge: Dodged            ||    18
